AoeStats
← MALTA CON CANELITA

Arabia

503198055Analyzed
1v1 RM · 2mo ago on Aug 30, 2026· 36m 5s· 2 players
Game mode
Random Map
Map size
Tiny (2 player)
Population
200
Speed
Normal
Resources
Standard
Victory
Conquest
Starting age
Dark Age
Ending age
Imperial Age
RankedLock teamsTeams togetherTeam positionsShared explorationLock speedFull tech treeHidden civsTurbo modeCheats
Victory
Defeat
🇨🇴 Mapuche · Colombia
1125
+16
vs
🇲🇽 Hindustanis · Mexico
1134
-16
MALTA CON CANELITA
5:56 Loom
9:27 Feudal Age
9:30 Champi Runner
11:03 Forging
11:51 Scale Mail Armor
18:08 Wheelbarrow
19:48 Horse Collar
23:40 Double-Bit Axe
27:17 Castle Age
27:50 Champi Warrior
29:54 Iron Casting
30:54 Chain Mail Armor
ChamacoPerro
6:47 Loom
9:13 Feudal Age
10:16 Double-Bit Axe
22:35 Fletching
25:39 Horse Collar
31:10 Castle Age
29:38 Padded Archer Armor
29:58 Gold Mining
31:13 Crossbowman
35:15 Bodkin Arrow
Connection lost

Rejoining the realm…

Still unreachable

The connection could not be restored.

Session expired

The server has moved on; the page needs a fresh start.